 Dungeon Crawl Stone Soup version 0.29.0-4-gdea44cf6ec (webtiles) character file.

Game seed: 5357728126027515016

893 qw the Cleaver (level 7, 0/60 (61) HPs)
             Began as a Minotaur Fighter on Sept 6, 2022.
             Slain by a wight
             ... wielding a +5 spear of freezing
              (2 damage)
             ... on level 6 of the Dungeon.
             The game lasted 00:01:35 (4418 turns).

qw the Cleaver (Minotaur Fighter)                   Turns: 4418, Time: 00:01:36

HP:   0/60 (61)     AC: 12    Str: 22    XL:     7   Next: 78%
MP:   6/6           EV:  6    Int:  5    God:
Gold: 328           SH:  4    Dex: 10    Spells: 6/6 levels left

rFire   . . .      SeeInvis +   Y - +0 war axe
rCold   . . .      Faith    .   c - +0 buckler
rNeg    . . .      Spirit   .   f - +0 plate armour
rPois   .          Reflect  .   (helmet restricted)
rElec   .          Harm     .   (no cloak)
rCorr   .          Rampage  .   (no gloves)
Will    .....                   i - +0 pair of boots
Stlth   ..........              g - amulet of the acrobat
HPRegen 0.20/turn               n - ring of see invisible
MPRegen 0.10/turn               (no ring)

@: about to teleport, lightly drained
A: horns 2, retaliatory headbutt
a: no special abilities


You were on level 6 of the Dungeon.
You visited 1 branch of the dungeon, and saw 6 of its levels.

You collected 358 gold pieces.
You spent 30 gold pieces at shops.


Innate Abilities, Weirdness & Mutations

You have a pair of horns on your head.
You reflexively headbutt those who attack you in melee.


   Skills:
 - Level 5.0 Fighting
 + Level 9.9 Axes
 - Level 1.2 Throwing
 - Level 4.0 Armour
 - Level 1.3 Dodging
 - Level 3.6 Shields


You had 6 spell levels left.
You didn't know any spells.
Your spell library was empty.

Inventory:

Hand Weapons
 q - a +0 flail
 Y - a +0 war axe (weapon)
Armour
 c - a +0 buckler (worn)
 f - a +0 plate armour (worn)
 i - a +0 pair of boots (worn)
Jewellery
 g - an amulet of the acrobat (around neck)
 n - a ring of see invisible (left hand)
Scrolls
 p - a scroll of identify
Potions
 b - 2 potions of heal wounds
 d - 2 potions of might
 k - 4 potions of curing
 l - a potion of mutation {unknown}
 m - a potion of degeneration {unknown}
 o - a potion of ambrosia {unknown}

Dungeon Overview and Level Annotations

Branches:
Dungeon (6/15)
 Temple: D:4-7

Altars:
Gozag
Vehumet

Shops:
D:1 ?


Message History

A gnoll comes into view.
It is wielding a +2 halberd of protection.
You hit the gnoll sergeant.
The gnoll sergeant is lightly wounded.
The gnoll sergeant hits you but does no damage.
A scorpion comes into view.
You slash the gnoll sergeant!
Your headbutt misses the gnoll sergeant.
The gnoll sergeant is moderately wounded.
The gnoll sergeant hits you with a +3 trident of flaming.
The gnoll sergeant burns you.
You barely miss the gnoll sergeant.
The gnoll sergeant is moderately wounded.
You barely miss the gnoll.
The gnoll sergeant hits you with a +3 trident of flaming!
The gnoll sergeant burns you. The wight barely misses you.
The gnoll closely misses you. You furiously retaliate!
You headbutt the gnoll, but do no damage.
You slash the gnoll sergeant!
Your headbutt misses the gnoll sergeant.
The gnoll sergeant is almost dead.
You hit the gnoll.
The gnoll sergeant hits you with a +3 trident of flaming.
The gnoll sergeant burns you.
The wight hits you from afar with a +5 spear of freezing.
The wight freezes you. The gnoll hits you with a +0 club.
You closely miss the gnoll sergeant. You headbutt the gnoll sergeant.
You kill the gnoll sergeant!
You barely miss the gnoll. You hit the gnoll.
The gnoll hits you with a +0 flail! The gnoll hits you with a +0 club.
The wight hits you from afar with a +5 spear of freezing.
You feel drained. The wight freezes you.
Your life force feels restored.
4418 ||| READING scroll of teleportation.
As you read the scroll of teleportation, it crumbles to dust.
You feel strangely unstable. You block the gnoll's attack.
The gnoll hits you but does no damage. The gnoll barely misses you.
You furiously retaliate!
You headbutt the gnoll.
The wight hits you from afar with a +5 spear of freezing.
You feel drained.
You die...

. ###......# #..
##....## ...# ##....#
#..# ####.....#
.###..###........##
............%.....#
.....#....)........#
......g.!............
.....sg@..##.........
......gg..#..........
.....g.#.z..?........
......##(...........
.....# #.........?.
....# ..........?
.... .##...... ..# #
..##..


You could see a scorpion, a wight and 5 gnolls.

Vanquished Creatures
  Blork the orc (D:4)
  A gnoll sergeant (D:6)
  2 necrophages
  4 scorpions
  A wight (D:6)
  A jelly (D:5)
  A hound (D:5)
  An orc priest (D:3)
  3 iguanas
  An orc wizard (D:3)
  3 gnolls (D:4)
  5 adders
  A worm (D:2)
  2 dart slugs
  10 orcs
  10 ball pythons
  7 endoplasms
  4 giant cockroaches
  6 goblins
  6 hobgoblins
  9 kobolds
  5 bats
  A frilled lizard (D:3)
  4 rats
89 creatures vanquished.

Notes
Turn   | Place    | Note
-------+----------+-------------------------------------------
     0 | D:1      | qw the Minotaur Fighter began the quest for the Orb.
     0 | D:1      | Reached XP level 1. HP: 19/19 MP: 0/0
     0 | D:1      | 0 ||| qw: Version: 0.1-a-108-g9e35731
     0 | D:1      | 0 ||| qw: Game counter: 6233
     0 | D:1      | 0 ||| qw: Always use a shield: true
     0 | D:1      | 0 ||| qw: God list: Ru
     0 | D:1      | 0 ||| qw: Allow faded altars: false
     0 | D:1      | 0 ||| qw: Do Orc after D:15 true
     0 | D:1      | 0 ||| qw: Do second Lair branch before Depths: true
     0 | D:1      | 0 ||| qw: Lair rune preference: random
     0 | D:1      | 0 ||| qw: Plans: Normal
     0 | D:1      | 0 ||| PLANNING D:1-11
    45 | D:1      | Reached skill level 3 in Axes
    62 | D:1      | 62 ||| Stepping ~*~*~tactically~*~*~ (stealth).
   100 | D:1      | Reached XP level 2. HP: 26/26 MP: 1/1
   144 | D:1      | 144 ||| Stepping ~*~*~tactically~*~*~ (stealth).
   272 | D:1      | Found Suetaife's Magic Scroll Emporium.
   276 | D:1      | 276 ||| BUYING scroll of teleportation (30 gold).
   276 | D:1      | Bought a scroll of teleportation for 30 gold pieces
   276 | D:1      | 276 ||| SHOPLISTING scroll of teleportation (30 gold, have
                  | 20).
   319 | D:1      | Found a faded altar of an unknown god.
   401 | D:1      | Reached skill level 4 in Axes
   787 | D:1      | 787 ||| UPGRADING to +0 plate armour.
   797 | D:1      | 797 ||| DROPPING +0 scale mail.
   798 | D:1      | 798 ||| UPGRADING to +0 pair of boots.
   803 | D:1      | 803 ||| UPGRADING to amulet of the acrobat.
   808 | D:1      | 808 ||| READING 2 scrolls labelled COCRIRHEIRO.
   809 | D:1      | 809 ||| READING scroll labelled VYUMEL WUYMOATEN.
   810 | D:1      | 810 ||| DROPPING scroll of blinking.
   864 | D:2      | 864 ||| Stepping ~*~*~tactically~*~*~ (stealth).
   867 | D:2      | Reached XP level 3. HP: 31/31 MP: 2/2
   950 | D:2      | Reached skill level 5 in Axes
  1063 | D:2      | 1063 ||| DROPPING +0 club.
  1174 | D:2      | You fall into a shaft and drop 2 floors!
  1228 | D:3      | Found a radiant altar of Vehumet.
  1247 | D:3      | 1247 ||| Stepping ~*~*~tactically~*~*~ (stealth).
  1251 | D:3      | 1251 ||| Stepping ~*~*~tactically~*~*~ (stealth).
  1253 | D:3      | Reached XP level 4. HP: 39/39 MP: 3/3
  1276 | D:3      | 1276 ||| DRINKING 2 cyan potions.
  1465 | D:2      | 1465 ||| UPGRADING to ring of see invisible.
  1852 | D:3      | Reached skill level 1 in Throwing
  1967 | D:3      | Reached skill level 6 in Axes
  1967 | D:3      | Reached XP level 5. HP: 20/45 MP: 4/4
  1969 | D:3      | Reached skill level 1 in Dodging
  1969 | D:3      | HP: 9/45 [poisoned by an orc wizard]
  1973 | D:3      | HP: 4/45 [poisoned by an orc wizard]
  1976 | D:3      | HP: 1/45 [poisoned by an orc wizard]
  2268 | D:3      | 2268 ||| DROPPING +0 whip.
  2629 | D:4      | Reached skill level 7 in Axes
  2629 | D:4      | Reached XP level 6. HP: 38/51 MP: 5/5
  2835 | D:4      | Noticed Blork the orc
  2847 | D:4      | Killed Blork the orc
  3118 | D:4      | Found an opulent altar of Gozag.
  3131 | D:4      | 3131 ||| READING scroll labelled XANUES FYGA.
  3132 | D:4      | 3132 ||| DRINKING 2 silvery potions.
  3133 | D:4      | 3133 ||| DRINKING 4 emerald potions.
  3134 | D:4      | 3134 ||| DRINKING 2 grey potions.
  3135 | D:4      | 3135 ||| READING 3 scrolls of identify.
  3135 | D:4      | 3135 ||| IDENTIFYING bubbling purple potion
  3136 | D:4      | 3136 ||| READING 2 scrolls of identify.
  3136 | D:4      | 3136 ||| IDENTIFYING black potion
  3137 | D:4      | 3137 ||| DROPPING potion of magic.
  3138 | D:4      | 3138 ||| DROPPING potion of lignification.
  3139 | D:4      | 3139 ||| DROPPING potion of brilliance.
  3140 | D:4      | 3140 ||| DROPPING potion of attraction.
  3159 | D:5      | Entered Level 5 of the Dungeon
  3177 | D:5      | Reached skill level 8 in Axes
  3184 | D:5      | Reached XP level 7. HP: 41/60 MP: 6/6
  3705 | D:5      | Reached skill level 9 in Axes
  3747 | D:5      | 3747 ||| Stepping ~*~*~tactically~*~*~ (hiding).
  4300 | D:5      | 4300 ||| READING 2 scrolls labelled FAREAJECSI.
  4301 | D:5      | 4301 ||| READING scroll labelled NIACKELIH.
  4302 | D:5      | 4302 ||| READING scroll labelled BAWAMA ALEJISE.
  4303 | D:5      | 4303 ||| READING 2 scrolls of identify.
  4303 | D:5      | 4303 ||| IDENTIFYING fuming clear potion
  4304 | D:5      | 4304 ||| DROPPING scroll of vulnerability.
  4305 | D:5      | 4305 ||| DROPPING potion of invisibility.
  4348 | D:6      | 4348 ||| Stepping ~*~*~tactically~*~*~ (hiding).
  4417 | D:6      | HP: 14/61 [gnoll/+0 club[a gnoll sergeant] (2)]
  4418 | D:6      | 4418 ||| READING scroll of teleportation.
  4418 | D:6      | HP: 2/61 [wight/+5 spear of freezing (6)]
  4418 | D:6      | Slain by a wight

Levels and vault maps discovered:
D:1:      erik_arrival_cave_to_civilisation [erik_arrival_cave_to_hall],
          layout_basic, dreamdust_ecumenical_altar_grove, serial_shops,
          nicolae_shop_behind_doors
D:2:      layout_basic, kennysheep_generic_room_5
D:3:      layout_loops_ring, nicolae_vehumet_radiance, minmay_misc_feat_rugged
D:4:      layout_rooms, nicolae_gozag_cash_rules_everything_around_me,
          minmay_misc_feat_columns, uniq_blork_the_orc
D:5:      layout_gridville, minivault_24
D:6:      layout_layer_cave, minmay_pentangle

Skill      XL: |  1  2  3  4  5  6  7 |
---------------+----------------------+-----
Axes           | 3 4 5 6 7 8 9 |  9.9
Throwing       | 1 |  1.2
Dodging        | 1 |  1.3
Fighting       | 4 5 |  5.0
Armour         | 4 |  4.0
Shields        | |  3.6

Action                   |  1- 3 |  4- 6 |  7- 9 || total
-------------------------+-------+-------+-------++-------
Melee: War axe           |    76 |    63 |    26 ||   165
       Headbutt          |    11 |     9 |     5 ||    25
Throw: Javelin           |       |    21 |    12 ||    33
  Use: Scroll            |     2 |     3 |     5 ||    10
       Potion            |       |     4 |       ||     4
Armor: Scale mail        |    11 |       |       ||    11
       Plate armour      |    21 |    27 |    10 ||    58
Dodge: Dodged            |    21 |    22 |     7 ||    50
Block: Buckler           |    11 |    11 |     6 ||    28

Table legend:
 A = Non-vault XP
 B = Vault XP
 C = Vault XP percentage of total XP
 D = Non-vault monster count
 E = Vault monster count
 F = Vault count percentage of total count
                 A         B        C        D         E       F
            +---------+---------+-------+---------+---------+-------
      Total |    1172 |     104 |   8.2 |      83 |       6 |   6.7
            +---------+---------+-------+---------+---------+-------
        D:1 |      35 |       4 |  10.3 |      20 |       2 |   9.1
        D:2 |      49 |       4 |   7.5 |      14 |       3 |  17.6
        D:3 |     143 |       0 |   0.0 |      22 |       0 |   0.0
        D:4 |     274 |      96 |  25.9 |      15 |       1 |   6.2
        D:5 |     423 |       0 |   0.0 |       9 |       0 |   0.0
        D:6 |     248 |       0 |   0.0 |       3 |       0 |   0.0
            +---------+---------+-------+---------+---------+-------
